 Dungeon Crawl Stone Soup version 0.27-a0-448-gace5c5693b (webtiles) character file.

Game seed: 4601103830853229824

3 jasper the Sneak (level 1, -1/9 HPs)
             Began as a Spriggan Enchanter on Feb 27, 2021.
             Slain by an ooze (4 damage)
             ... on level 1 of the Dungeon.
             The game lasted 00:00:19 (118 turns).

jasper the Sneak (Spriggan Enchanter)                Turns: 118, Time: 00:00:19

Health: -1/9       AC:  2    Str:  4    XL:     1   Next: 41%
Magic:  3/5        EV: 17    Int: 16    God:
Gold:   0          SH:  0    Dex: 15    Spells: 4/5 levels left

rFire    . . .     SeeInvis +   a - +1 dagger
rCold    . . .     Faith    .   (shield restricted)
rNeg     . . .     Spirit   .   b - +0 robe
rPois    .         Reflect  .   (helmet restricted)
rElec    .         Harm     .   (no cloak)
rCorr    .         Rampage  .   (gloves unavailable)
Will     .....                  (boots unavailable)
Stlth    +++.......             (no amulet)
HPRegen  0.03/turn              (no ring)
MPRegen  0.09/turn              (no ring)

@: very quick
A: very small, unfitting armour, see invisible, speed 3
a: no special abilities


You were on level 1 of the Dungeon.
You visited 1 branch of the dungeon, and saw 1 of its levels.

Inventory:

Hand Weapons
 a - a +1 dagger (weapon)
Armour
 b - a +0 robe (worn)
Scrolls
 c - a scroll of identify {unknown}


   Skills:
 + Level 1.2 Short Blades
 - Level 2.6 Dodging
 + Level 4.5 Stealth
 + Level 2.8 Spellcasting
 + Level 3.7 Hexes


You had 4 spell levels left.
You knew the following spells:

 Your Spells              Type           Power        Failure   Level
a - Corona                Hex            15%          4%          1

Your spell library contained the following spells:

 Spells                   Type           Power        Failure   Level
 Confusing Touch          Hex            14%          12%         3
 Tukima's Dance           Hex            14%          12%         3
 Ensorcelled Hibernation  Hex/Ice        16%          14%         2
 Dazzling Flash           Conj/Hex       16%          26%         3


Dungeon Overview and Level Annotations

Branches:
Dungeon (1/15)

Altars:


Innate Abilities, Weirdness & Mutations

You are very small and have problems with some larger weapons.
You are too small for most types of armour.
You have supernaturally acute eyesight. (SInv)
You cover ground extremely quickly.


Message History

The hobgoblin misses you.
You now have 4/5 mp.
You hit the hobgoblin.
You kill the hobgoblin!
Aiming: Corona (safe; 4% risk of failure)
Press: ? - help, Q - select action Shift-Dir - straight line, f - ooze
Aim: an ooze (chance to affect: 50%)
The ooze struggles to resist.
The ooze closely misses you.
You now have 3/5 mp.
You barely miss the ooze. You hit the ooze.
The ooze is lightly wounded.
The ooze barely misses you.
Aiming: Corona (safe; 4% risk of failure)
Press: ? - help, Q - select action Shift-Dir - straight line, f/p - ooze
Aim: an ooze (lightly wounded, chance to affect: 50%)
The ooze is outlined in light.
The ooze hits you.
You take 4 damage, and have 5/9 hp.
MASSIVE DAMAGE!!
You now have 2/5 mp.
You are too injured to fight recklessly!
You are too injured to fight recklessly!
You are too injured to fight recklessly!
You completely miss the ooze.
The ooze is lightly wounded.
The ooze closely misses you.
You hit the ooze.
The ooze is lightly wounded.
The ooze barely misses you.
You hit the ooze.
The ooze is moderately wounded.
The ooze completely misses you.
You hit the ooze.
The ooze is severely wounded.
The ooze hits you.
You take 2 damage, and have 3/9 hp.
MASSIVE DAMAGE!!
You hit the ooze.
The ooze is almost dead.
The ooze hits you.
You die... #... #... ###...#### #### ........
PPPP #.....# PPPP ###.....####.# PPP. #....J.......# PP.P #...@.####### PP.P #.##..).[....
P.PP

##.##.#########.#
P.P. #........#
#.#PP.P.
#.....##.#
#.#PP.P.
#.######.#
#.#PP.PP # #.#
#.#PPP.P
#.######.#PPP.P
#......#.#PPPP.


You could see an ooze (corona).

Vanquished Creatures
  A hobgoblin (D:1)
  A kobold (D:1)
  A bat (D:1)
3 creatures vanquished.

Vanquished Creatures (others)
  3 plants (D:1)
3 creatures vanquished.

Grand Total: 6 creatures vanquished

Notes
Turn   | Place    | Note
-------+----------+-------------------------------------------
     0 | D:1      | jasper the Spriggan Enchanter began the quest for the Orb.
     0 | D:1      | Reached XP level 1. HP: 9/9 MP: 5/5
   118 | D:1      | Slain by an ooze

Illustrated notes

Levels and vault maps discovered:
D:1:      roderic_crop_circles_arrival_small, layout_basic, minmay_tromino_v2

Action                   || total
-------------------------++-------
Melee: Dagger            ||    14
 Cast: Corona            ||     4
 Stab: Sleeping          ||     1
Dodge: Dodged            ||     9

Table legend: (Time is in decaauts)
 A = Elapsed time spent in this place.
 B = Non-inter-level travel time spent in this place.
 C = Inter-level travel time spent in this place.
 D = Time resting spent in this place.
 E = Time spent auto-exploring this place.
 F = Levels seen in this place.
 G = Mean time per level.
                   A        B        C        D        E       F      G
               +--------+--------+--------+--------+--------+-----+--------+
         Total |     97 |     97 |      0 |      0 |     69 |   1 |   97.0 |
       Dungeon |     97 |     97 |      0 |      0 |     69 |   1 |   97.0 |
               +--------+--------+--------+--------+--------+-----+--------+

Top non-repeatable levels by time:
     D:1: 97 daAuts
